 Dungeon Crawl Stone Soup version 0.30-a0-122-g2a1322497e (webtiles) character file.

Game seed: 7663412975220471784

2704 scionoferis the Cleaver (level 10, 0/88 HPs)
             Began as a Meteoran Berserker on Sept 15, 2022.
             Was an Elder of Trog.
             Engulfed by a steam dragon's steam (9 damage)
             ... on level 7 of the Dungeon.
             The game lasted 00:25:10 (3423 turns).

scionoferis the Cleaver (Meteoran Berserker)        Turns: 3423, Time: 00:25:11

Health: 0/88       AC: 17    Str: 23    XL:     10   Next: 17%
Magic:  11/11      EV:  9    Int: 10    God:    Trog [****..]
Gold:   520        SH:  0    Dex: 13    Spells: 9/9 levels left

rFire   . . .      SeeInvis .    a - +0 war axe
rCold   . . .      Faith    .    (no shield)
rNeg    . . .      Spirit   .    h - +0 chain mail
rPois   .          Reflect  .    q - +1 helmet
rElec   .          Harm     .    (no cloak)
rCorr   .          Rampage  .    (no gloves)
Will    +....                    (no boots)
Stlth   ..........               (no amulet)
HPRegen 0.24/turn                j - +4 ring of protection
MPRegen 0.12/turn                (no ring)

@: glowing
A: sense surroundings 2, otherworldly, glowing, explore regen
a: Renounce Religion, Berserk, Trog's Hand, Brothers in Arms


You were on level 7 of the Dungeon.
You worshipped Trog.
Trog was greatly pleased with you.
You visited 2 branches of the dungeon, and saw 9 of its levels.

You collected 520 gold pieces.

Inventory:

Hand Weapons
 a - a +0 war axe (weapon)
 b - a +2 sling of freezing
 v - a +2 mace of holy wrath
 A - a +0 shortbow
Missiles
 D - 9 poisoned darts (quivered)
Armour
 h - a +0 chain mail (worn)
 q - a +1 helmet (worn)
 y - a +0 robe of resistance
Jewellery
 j - a +4 ring of protection (left hand)
Wands
 w - a wand of polymorph (4)
 E - a wand of flame (23)
Scrolls
 e - 4 scrolls of teleportation
 f - a scroll of butterflies
 g - 2 scrolls of noise {unknown}
 i - a scroll of immolation
 m - a scroll of magic mapping {unknown}
 p - a scroll of vulnerability {unknown}
 r - a scroll of poison {unknown}
 t - a scroll of identify
 x - a scroll of fear {unknown}
 B - 2 scrolls of blinking {unknown}
 C - a scroll of torment {unknown}
 F - a scroll of acquirement {unknown}
Potions
 c - a potion of might {unknown}
 d - 2 potions of flight
 k - a potion of haste {unknown}
 l - 2 potions of resistance
 n - a potion of curing {unknown}
 o - 2 potions of mutation {unknown}
 s - a potion of berserk rage {unknown}
 z - a potion of degeneration {unknown}
 G - a potion of lignification {unknown}


   Skills:
 + Level 7.8 Fighting
 * Level 11.5 Axes
 + Level 7.9 Armour
 - Level 2.4 Dodging


You had 9 spell levels left.
You didn't know any spells.
Your spell library was empty.

Dungeon Overview and Level Annotations

Branches:
Dungeon (8/15) Zot: 1337   Temple (1/1) D:4 Zot: 598
   Lair: D:8-11

Altars:
Cheibriados
Hepliaklqana
Makhleb
Okawaru
Qazlal
Trog
Uskayaw
Yredelemnul
Zin


Innate Abilities, Weirdness & Mutations

You passively map the area around you.
You are easily found by Zot.
You glow in the dark.
You regain HP and MP as you explore.


Message History

The steam dragon claws you but does no damage.
You hit the steam dragon.
The steam dragon is lightly wounded.
The steam dragon breathes steam at you. The ball of steam hits you!!
* * * LOW HITPOINT WARNING * * *
You feel much better.
You are engulfed in a cloud of scalding steam.
* * * LOW HITPOINT WARNING * * *
The steam dragon closely misses you.
The steam dragon claws you but does no damage.
The steam dragon attacks as you move away!
The steam dragon bites you but does no damage.
The steam dragon claws you but does no damage.
The centaur wields a +0 shortbow.
The centaur shoots an arrow.
The arrow hits you but does no damage.
There is a stone staircase leading up here.
The steam dragon breathes steam at you. The ball of steam hits you!
* * * LOW HITPOINT WARNING * * *
You climb upwards.
There is a stone staircase leading down here.
You feel much better. The steam dragon bites you.
* * * LOW HITPOINT WARNING * * *
The steam dragon claws you but does no damage.
You slash the steam dragon!
The steam dragon is heavily wounded.
The steam dragon breathes steam at you. The ball of steam hits you!
* * * LOW HITPOINT WARNING * * *
You completely miss the steam dragon.
The steam dragon is heavily wounded.
You are engulfed in a cloud of scalding steam.
The steam dragon bites you but does no damage.
The steam dragon claws you.
* * * LOW HITPOINT WARNING * * *
You hit the steam dragon.
The steam dragon is severely wounded.
You are engulfed in a cloud of scalding steam.
You die...

....# #....#####...#
#..... ......# #...#
#.#######..#.# #..##
###.### #...#.# #..#
......## #..##.# #.[#
#.....###.....#####).#
###................)).#
#................###).#
...<........>..D@# #..#
#.##............[# #..#
#.)..............###<.#
####..................##
#...................#
#>.#................#
####..#................#
......#........[.......#
####.#####...######≈≈..#


You could see a steam dragon (catching breath).

Vanquished Creatures
  Joseph (D:8)
  Eustachio (D:4)
  4 water moccasins
  A black bear (D:7)
  An ice beast (D:5)
  4 centaurs
  The ghost of Jeffwins the Firebug, an amateur HuWn (D:3)
  3 scorpions
  6 killer bees (D:7)
  A howler monkey (D:7)
  A centaur zombie (D:5)
  A bullfrog zombie (D:5)
  2 gnoll boudas (D:7)
  A jelly (D:6)
  A hound (D:4)
  6 orc priests
  Ijyb (D:3)
  5 iguanas
  3 orc wizards
  8 gnolls (D:7)
  8 adders
  A shadow imp (D:5)
  A white imp (D:7)
  A worm (D:3)
  2 dart slugs
  19 orcs
  4 endoplasms
  3 giant cockroaches
  6 hobgoblins
  3 jackals (D:3)
  4 quokkas
  12 ball pythons
  8 bats
  4 frilled lizards
  11 goblins
  5 kobolds
  5 rats
149 creatures vanquished.

Notes
Turn   | Place    | Note
-------+----------+-------------------------------------------
     0 | D:1      | scionoferis the Meteoran Berserker began the quest for the
                  | Orb.
     0 | D:1      | Reached XP level 1. HP: 19/19 MP: 2/2
   158 | D:1      | Reached skill level 4 in Axes
   158 | D:1      | Reached XP level 2. HP: 21/26 MP: 3/3
   244 | D:2      | Reached XP level 3. HP: 28/33 MP: 4/4
   604 | D:2      | Reached XP level 4. HP: 29/40 MP: 5/5
   621 | D:2      | Found a faded altar of an unknown god.
   710 | D:3      | Reached ** piety under Trog
   775 | D:2      | Reached skill level 5 in Axes
   811 | D:3      | Found a large runed translucent door.
   811 | D:3      | Found a large runed translucent door.
   811 | D:3      | Noticed Jeffwins's ghost (amateur HuWn)
  1131 | D:4      | Found a staircase to the Ecumenical Temple.
  1145 | Temple   | Entered the Ecumenical Temple
  1179 | D:3      | Reached XP level 5. HP: 46/46 MP: 6/6
  1238 | D:3      | Found a snail-covered altar of Cheibriados.
  1311 | D:3      | Found a glowing silver altar of Zin.
  1384 | D:3      | Killed Jeffwins's ghost
  1385 | D:3      | Reached XP level 6. HP: 31/53 MP: 7/7
  1487 | D:3      | Found a stormy altar of Qazlal.
  1526 | D:3      | Reached skill level 6 in Axes
  1638 | D:3      | Noticed Ijyb
  1700 | D:3      | Killed Ijyb
  1854 | D:4      | Reached *** piety under Trog
  1925 | D:4      | Noticed Eustachio
  1940 | D:4      | Killed Eustachio
  1941 | D:4      | Reached XP level 7. HP: 60/60 MP: 8/8
  1988 | D:4      | Reached skill level 5 in Fighting
  2028 | D:4      | Reached skill level 7 in Axes
  2206 | D:5      | Entered Level 5 of the Dungeon
  2257 | D:5      | Reached skill level 5 in Armour
  2257 | D:5      | Reached XP level 8. HP: 69/69 MP: 9/9
  2284 | D:5      | Reached skill level 8 in Axes
  2410 | D:5      | Found a hide-covered altar of Uskayaw.
  2421 | D:5      | Reached skill level 9 in Axes
  2452 | D:5      | Gained mutation: You passively map the area around you.
                  | [Meteoran growth]
  2452 | D:5      | Reached XP level 9. HP: 70/77 MP: 10/10
  2647 | D:5      | Reached **** piety under Trog
  2717 | D:5      | Reached skill level 10 in Axes
  2719 | D:5      | Found a basalt altar of Yredelemnul.
  2863 | D:6      | Found a burning altar of Makhleb.
  2864 | D:6      | Found a hazy altar of Hepliaklqana.
  3137 | D:7      | Found an iron altar of Okawaru.
  3185 | D:7      | Reached skill level 11 in Axes
  3191 | D:7      | Found a bloodstained altar of Trog.
  3210 | D:7      | Reached XP level 10. HP: 60/86 MP: 11/11
  3402 | D:8      | Noticed Joseph
  3413 | D:8      | Killed Joseph
  3423 | D:7      | Engulfed by a steam dragon's steam

Illustrated notes

Levels and vault maps discovered:
D:1:      lemuel_arrival_cross, layout_basic
D:2:      mumra_celtic_spiral_tile, layout_basic,
          hellmonk_ecumenical_altar_zigzags
D:3:      kennysheep_goblin_castle, layout_basic, amcnicky_altar_gilded,
          cheibriados_altar_2, nicolae_qazlal_scattered_showers,
          ebering_ghost_disaster_area
D:4:      layout_basic, serial_shops, shop, roderic_lattice_a, uniq_eustachio
D:5:      layout_loops_ring, lemuel_crystal_altar,
          lemuel_zombie_altar_yredelemnul, serial_glass, glass_columns_c,
          glass_columns_a
D:6:      layout_cave_pools, gammafunk_temple_overflow_pools
D:7:      layout_loops_ring, lightli_temple_of_fire,
          mainiacjoe_overflow_alcove_1
D:8:      layout_cave_pools, erik_lair_dragon, uniq_joseph
Temple:   jpeg_temple_clearing

Skill      XL: |  1  2  3  4  5  6  7  8  9 |
---------------+----------------------------+-----
Axes           | 4 5 6 7 9 11 | 11.5
Armour         | 3 4 5 6 7 |  7.9
Fighting       | 4 5 6 7 |  7.8
Dodging        | |  2.4

Action                   |  1- 3 |  4- 6 |  7- 9 | 10-12 || total
-------------------------+-------+-------+-------+-------++-------
Melee: Hand axe          |    88 |    49 |       |       ||   137
       Punch             |     2 |     4 |     6 |     1 ||    13
       War axe           |       |   130 |   193 |    48 ||   371
       Unarmed           |       |    29 |       |       ||    29
Invok: Trog's Hand       |       |     1 |     1 |       ||     2
  Use: Scroll            |       |       |     4 |       ||     4
       Potion            |       |       |     3 |     2 ||     5
Armor: Scale mail        |     9 |       |       |       ||     9
       Animal skin       |     2 |       |       |       ||     2
       Chain mail        |    52 |   132 |   170 |    53 ||   407
Dodge: Dodged            |    29 |    78 |   106 |    22 ||   235

Table legend: (Time is in decaauts)
 A = Elapsed time spent in this place.
 B = Non-inter-level travel time spent in this place.
 C = Inter-level travel time spent in this place.
 D = Time resting spent in this place.
 E = Time spent auto-exploring this place.
 F = Levels seen in this place.
 G = Mean time per level.
                   A        B        C        D        E       F      G
               +--------+--------+--------+--------+--------+-----+--------+
         Total |   3464 |   3288 |    176 |      0 |      0 |   9 |  384.9 |
       Dungeon |   3462 |   3286 |    176 |      0 |      0 |   8 |  432.8 |
        Temple |      1 |      1 |      0 |      0 |      0 |   1 |    1.0 |
               +--------+--------+--------+--------+--------+-----+--------+

Top non-repeatable levels by time:
     D:3: 741 daAuts
     D:2: 561 daAuts
     D:5: 525 daAuts
     D:1: 492 daAuts
     D:4: 453 daAuts
     D:7: 392 daAuts
     D:6: 278 daAuts
     D:8: 16 daAuts
  Temple: 1 daAuts
